 Dungeon Crawl Stone Soup version 0.24-a0-520-g8fd06ad (console) character file.

Game seed: 14235038868735619633

3662 Zx the Tainter (level 10, 0/71 HPs)
             Began as a Formicid Venom Mage on July 26, 2019.
             Was a Believer of Vehumet.
             Slain by Grum
             ... wielding a +1 spear
              (12 damage)
             ... on level 9 of the Dungeon.
             The game lasted 00:23:47 (7001 turns).

Zx the Tainter (Formicid Venom Mage)                Turns: 7001, Time: 00:23:47

Health: 0/71       AC:  5    Str: 14      XL:     10   Next: 34%
Magic:  5/17       EV: 12    Int: 17      God:    Vehumet [**....]
Gold:   371        SH:  0    Dex: 10 (11) Spells: 5/19 levels left

rFire    . . .     SeeInvis +   a - +2 quarterstaff (chaos)
rCold    + . .     Gourm    .   (no shield)
rNeg     . . .     Faith    .   D - +2 robe {MR+}
rPois    .         Spirit   .   (helmet unavailable)
rElec    .         Reflect  .   P - scarf {repulsion}
rCorr    .         Harm     .   E - +0 pair of gloves
MR       ++...                  (no boots)
Stlth    +++.......             (no amulet)
HPRegen  0.21/turn              v - ring of protection from cold
MPRegen  0.15/turn              J - ring of stealth

@: very slightly contaminated, repel missiles
A: permanent stasis, dig shafts and tunnels, four strong arms, antennae 3
a: Dig, Shaft Self, Renounce Religion


You were on level 9 of the Dungeon.
You worshipped Vehumet.
Vehumet was pleased with you.
You were near starving.

You visited 2 branches of the dungeon, and saw 10 of its levels.
You also visited: Sewer.

You collected 371 gold pieces.

Inventory:

Hand Weapons
 a - a +2 quarterstaff of chaos (weapon)
 b - a +0 hunting sling
 c - a +2 hand axe of electrocution
 A - a +1 glaive of venom
Missiles
 h - 5 atropa-tipped darts (quivered)
 k - 162 stones
 n - 63 arrows
 o - 47 poisoned darts
 F - 64 sling bullets
 G - 8 boomerangs
 H - 45 bolts
Armour
 g - a +1 ring mail of poison resistance
 z - a +0 cloak
 D - a +2 robe of magic resistance (worn)
 E - a +0 pair of gloves (worn)
 N - a +1 chain mail of fire resistance
 P - a scarf of repulsion (worn)
 V - a +0 shield
Jewellery
 v - a ring of protection from cold (left hand)
 J - a ring of stealth (right hand)
Wands
 B - a wand of digging (4)
 M - a wand of scattershot (3)
 O - a wand of acid (7)
Scrolls
 d - a scroll of fear {unknown}
 e - 3 scrolls of identify
 f - 2 scrolls of fog
 l - 5 scrolls of teleportation
 m - 2 scrolls of random uselessness
 p - 5 scrolls of remove curse
 s - a scroll of magic mapping
 x - a scroll of enchant weapon {unknown}
 C - a scroll of amnesia {unknown}
 I - 2 scrolls of blinking {unknown}
Potions
 i - 9 potions of heal wounds {unknown}
 j - 4 potions of might {unknown}
 q - a potion of flight {unknown}
 r - a potion of berserk rage {unknown}
 t - 7 potions of curing
 u - 3 potions of brilliance {unknown}
 w - 2 potions of haste {unknown}
 K - a potion of lignification {unknown}
 L - a potion of magic {unknown}
 Q - a potion of resistance {unknown}
 R - a potion of ambrosia {unknown}
Comestibles
 y - 16 rations


   Skills:
 - Level 4.0 Fighting
 - Level 2.0 Dodging
 - Level 3.0 Stealth
 - Level 9.0 Shields
 - Level 5.0 Spellcasting
 + Level 3.9 Conjurations
 * Level 3.4 Summonings
 * Level 3.1 Air Magic
 - Level 9.0 Poison Magic
 + Level 4.2 Evocations


You had 5 spell levels left.
You knew the following spells:

 Your Spells              Type           Power        Failure   Level  Hunger
d - Sting                 Conj/Pois      ####         1%          1    None
l - Summon Lightning Spi  Summ/Air       ###.....     36%         4    ####...
m - Mephitic Cloud        Conj/Pois/Air  ###.....     4%          3    ###....
v - Poisonous Vapours     Pois/Air       ####..       1%          2    #......
R - Olgreb's Toxic Radia  Pois           #####...     3%          4    ####...

Your spell library contained the following spells:

 Spells                   Type           Power        Failure   Level  Hunger
 Magic Dart               Conj           ###.         2%          1    None
 Summon Small Mammal      Summ           ###.         3%          1    None
 Call Imp                 Summ           ###.....     5%          2    #......
 Call Canine Familiar     Summ           ###.....     11%         3    ###....
 Summon Guardian Golem    Hex/Summ       ##......     22%         3    ###....
 Venom Bolt               Conj/Pois      ####......   26%         5    ######.
 Summon Ice Beast         Ice/Summ       ##......     56%         4    ####...


Dungeon Overview and Level Annotations

Branches:
Dungeon (8/15)             Temple (1/1) D:5
   Lair: D:8-11

Altars:
Ashenzari
Cheibriados
Dithmenos
Elyvilon
Fedhas
Gozag
Hepliaklqana
Kikubaaqudgha
Makhleb
Nemelex Xobeh
Okawaru
Qazlal
Ru
Sif Muna
Trog
Uskayaw
Vehumet
Wu Jian
Xom
Yredelemnul
Zin

Annotations:
D:1 2 exclusions
D:9 Grum


Innate Abilities, Weirdness & Mutations

You cannot be hasted, slowed, berserked, paralysed or teleported.
You can dig through walls and to a lower floor.
Your four strong arms can wield two-handed weapons with a shield.
You have a pair of large antennae on your head. (SInv)


Message History

Press: ? - help, Shift-Dir - straight line, f/p - Grum
Aim: Grum, wielding a +1 spear and wearing a +0 animal skin (heavily wounded, poisoned)
The burst of metal fragments hits the wolf.
The burst of metal fragments hits the wolf!
The burst of metal fragments hits the wolf.
You kill the wolf!
Vehumet accepts your kill.
You feel your power returning.
The burst of metal fragments hits Grum.
The burst of metal fragments hits Grum!
The burst of metal fragments hits Grum.
Grum is almost dead.
Grum barely misses you.
Casting: Poisonous Vapours (safe; 1% risk of failure)
Confirm with . or Enter, or press ? or * to list all spells.
Aiming: Poisonous Vapours (safe; 1% risk of failure)
Press: ? - help, Dir - move target cursor, f/p - Grum
Aim: Grum, wielding a +1 spear and wearing a +0 animal skin (almost dead, poisoned)
Okay, then.
Unknown command.
Grum hits you from afar with a +1 spear!
You die...

## .#
###.#### #.
#.@....# #.
#.#.##....
#.##g#.#####.
#..........#
#..#.#.###.#
#..#.#..#
#####..#.#..#
...>...†....#
###...(..#..#


You could see Grum.

Vanquished Creatures
  2 two-headed ogres (D:8)
  A hornet (D:9)
  Sigmund (D:3)
  A wyvern (D:8)
  2 orc warriors
  2 ice beasts
  2 wolves (D:9)
  2 ogres
  Blork the orc (D:4)
  A scorpion (D:9)
  A water moccasin skeleton (D:5)
  6 killer bees (D:7)
  A crimson imp (D:5)
  A quasit (D:6)
  2 hounds
  A jelly (D:7)
  A centaur zombie (D:7)
  A centaur skeleton (D:4)
  2 orc priests
  Crazy Yiuf (D:2)
  Jessica (D:2)
  Terence (D:2)
  3 orc wizards
  A worker ant (D:4)
  3 adders
  12 river rats
  2 shadow imps
  An ooze (D:1)
  An adder skeleton (D:4)
  4 worms
  3 leopard geckos
  21 orcs
  4 ball pythons
  14 bats
  6 giant cockroaches
  14 goblins
  7 hobgoblins
  4 jackals
  11 kobolds
  A quokka (D:7)
  13 frilled lizards
  29 rats
188 creatures vanquished.

Vanquished Creatures (others)
  2 fungi (D:8)
  5 plants (D:8)
7 creatures vanquished.

Grand Total: 195 creatures vanquished

Notes
Turn   | Place    | Note
-------+----------+-------------------------------------------
     0 | D:1      | Zx the Formicid Venom Mage began the quest for the Orb.
     0 | D:1      | Reached XP level 1. HP: 13/13 MP: 3/3
   183 | D:1      | Reached XP level 2. HP: 20/20 MP: 1/5
   187 | D:1      | Learned a level 2 spell: Poisonous Vapours
   642 | D:1      | Reached XP level 3. HP: 25/25 MP: 0/6
   647 | D:1      | Learned a level 3 spell: Mephitic Cloud
  1294 | D:2      | Noticed Terence
  1298 | D:2      | Killed Terence
  1298 | D:2      | Reached skill level 1 in Fighting
  1298 | D:2      | Reached skill level 5 in Poison Magic
  1298 | D:2      | Reached XP level 4. HP: 32/32 MP: 0/8
  1494 | D:2      | Found a sacrificial altar of Ru.
  1910 | D:2      | Noticed Jessica
  1936 | D:2      | Killed Jessica
  1936 | D:2      | Reached XP level 5. HP: 33/38 MP: 1/9
  2002 | D:2      | Learned a level 4 spell: Olgreb's Toxic Radiance
  2191 | D:2      | Found a runed translucent door.
  2192 | D:2      | Noticed Crazy Yiuf
  2449 | D:2      | Killed Crazy Yiuf
  2659 | D:3      | Found an iron altar of Okawaru.
  2665 | D:3      | Found a snail-covered altar of Cheibriados.
  2776 | D:3      | Reached XP level 6. HP: 46/46 MP: 10/10
  2834 | D:3      | Noticed Sigmund
  3167 | D:3      | Found a shadowy altar of Dithmenos.
  3171 | D:3      | Found a blossoming altar of Fedhas.
  3172 | D:3      | Found a basalt altar of Yredelemnul.
  3290 | D:3      | Killed Sigmund
  3290 | D:3      | Reached skill level 1 in Conjurations
  3290 | D:3      | Reached skill level 1 in Air Magic
  3585 | D:4      | Noticed Blork the orc
  3591 | D:4      | Killed Blork the orc
  3591 | D:4      | Reached XP level 7. HP: 45/52 MP: 2/11
  4039 | D:4      | Reached skill level 1 in Evocations
  4415 | D:5      | Entered Level 5 of the Dungeon
  4427 | D:5      | Found a staircase to the Ecumenical Temple.
  4436 | Temple   | Entered the Ecumenical Temple
  4645 | Temple   | Became a worshipper of Vehumet
  4737 | D:5      | Reached skill level 1 in Shields
  4737 | D:5      | Reached XP level 8. HP: 60/60 MP: 7/13
  4797 | D:5      | Found a glowing drain.
  4810 | Sewer    | Entered a sewer
  5203 | Sewer    | Reached * piety under Vehumet
  5203 | Sewer    | Offered knowledge of Flame Tongue by Vehumet.
  5574 | D:5      | Learned a level 4 spell: Summon Lightning Spire
  5632 | D:5      | You fall into a shaft and drop 3 floors!
  5632 | D:8      | Found a deep blue altar of Sif Muna.
  5642 | D:8      | Noticed a wyvern
  5648 | D:8      | Killed a wyvern
  5910 | D:8      | Noticed a two-headed ogre
  5910 | D:8      | Noticed a two-headed ogre
  5930 | D:8      | Killed a two-headed ogre
  5930 | D:8      | Reached XP level 9. HP: 9/65 MP: 0/15
  5935 | D:8      | Killed a two-headed ogre
  6347 | D:7      | Reached XP level 10. HP: 47/71 MP: 6/16
  6448 | D:7      | Reached skill level 1 in Summonings
  6450 | D:7      | Offered knowledge of Magic Dart by Vehumet.
  6754 | D:5      | Reached ** piety under Vehumet
  6980 | D:6      | You fall into a shaft and drop 3 floors!
  6983 | D:9      | Noticed Grum
  6984 | D:9      | Reached skill level 5 in Spellcasting
  7001 | D:9      | Slain by Grum

Levels and vault maps discovered:
D:1:      lemuel_arrival_lava_pool, layout_loops_corners,
          minmay_misc_feat_secret_circle, minmay_heptomino_w4
D:2:      layout_basic, lemuel_round_altar, kennysheep_generic_room_16,
          uniq_crazy_yiuf_cottage, uniq_jessica, uniq_terence
D:3:      layout_basic, minitemple, uniq_sigmund
D:4:      layout_basic, dk_rats_in_the_wall, uniq_blork_the_orc
D:5:      layout_basic, minmay_temple_entry_glass, first_ration,
          portal_sewer_entry_e
D:6:      layout_cave_pools
D:7:      layout_rooms
D:8:      layout_loops_cross, overflow_temple_1_default,
          ebering_ghost_funeral_grove, hangedman_ranch [blue_anna_fruit_fields]
D:9:      layout_basic, nicolae_tso_carved_into_rock, gammafunk_ghost_spectres,
          nicolae_lava_and_water, minmay_gold_behind_fungi, uniq_grum,
          uniq_erica
Temple:   eino_narrow_crystal_temple

Skill      XL: |  1  2  3  4  5  6  7  8  9 10 |
---------------+-------------------------------+-----
Dodging        | 2 |  2.0
Fighting       | 1 2 3 4 |  4.0
Spellcasting   | 3 4 5 |  5.0
Poison Magic   | 5 6 7 8 9 |  9.0
Stealth        | 3 |  3.0
Conjurations   | 1 2 3 |  3.9
Air Magic      | 1 2 3 |  3.1
Evocations     | 1 3 4 |  4.2
Shields        | 1 4 9 |  9.0
Summonings     | 3 |  3.4

Action                   |  1- 3 |  4- 6 |  7- 9 | 10-12 || total
-------------------------+-------+-------+-------+-------++-------
Melee: Unarmed           |     4 |       |       |       ||     4
       Short sword       |     4 |       |       |       ||     4
       Hand axe          |       |     6 |       |       ||     6
       Quarterstaff      |       |     3 |    20 |    22 ||    45
 Fire: Hunting sling     |     9 |    62 |    78 |    37 ||   186
Throw: Dart              |     1 |       |       |       ||     1
 Cast: Sting             |     8 |    14 |    10 |       ||    32
       Poisonous Vapours |    24 |    40 |    34 |     3 ||   101
       Olgreb's Toxic Ra |       |     1 |    17 |     8 ||    26
 Abil: Dig               |       |       |    11 |       ||    11
       Shaft Self        |       |       |     1 |       ||     1
Evoke: Wand              |       |       |     3 |     1 ||     4
  Use: Scroll            |       |       |     6 |       ||     6
  Eat: Chunk             |     3 |     9 |    14 |     1 ||    27
       Ration            |       |       |     1 |       ||     1
Armor: Robe              |     3 |     3 |    17 |    25 ||    48
       Ring mail         |       |     5 |     4 |       ||     9
Dodge: Dodged            |    13 |    25 |    52 |    61 ||   151

Table legend:
 A = Non-vault XP
 B = Vault XP
 C = Vault XP percentage of total XP
 D = Non-vault monster count
 E = Vault monster count
 F = Vault count percentage of total count
                 A         B        C        D         E       F
            +---------+---------+-------+---------+---------+-------
      Total |    4328 |     904 |  17.3 |     121 |      67 |  35.6
            +---------+---------+-------+---------+---------+-------
        D:1 |      32 |      15 |  31.9 |      20 |       6 |  23.1
        D:2 |      47 |     117 |  71.3 |      21 |       5 |  19.2
        D:3 |      87 |     220 |  71.7 |      24 |       1 |   4.0
        D:4 |     202 |     215 |  51.6 |      19 |      22 |  53.7
        D:5 |     241 |      28 |  10.4 |       5 |       8 |  61.5
        D:6 |     182 |       0 |   0.0 |       2 |       0 |   0.0
        D:7 |     937 |       0 |   0.0 |      17 |       0 |   0.0
        D:8 |    2259 |       0 |   0.0 |       9 |       0 |   0.0
        D:9 |     341 |     235 |  40.8 |       4 |       2 |  33.3
      Sewer |       0 |      74 | 100.0 |       0 |      23 | 100.0
            +---------+---------+-------+---------+---------+-------
